 Dungeon Crawl Stone Soup version 0.30-a0-364-gf6b3ef1049 (webtiles) character file.

Game seed: 2490650863861086848

392 billz999 the Skirmisher (level 6, -8/51 HPs)
             Began as a Gnoll Hunter on Nov 15, 2022.
             Killed by divine providence
             ... invoked by an orc priest
              (14 damage)
             ... on level 5 of the Dungeon.
             The game lasted 00:05:00 (3294 turns).

billz999 the Skirmisher (Gnoll Hunter)              Turns: 3294, Time: 00:05:00

Health: -8/51      AC:  5    Str: 10    XL:     6   Next: 81%
Magic:  18/18      EV: 14    Int:  8    God:
Gold:   272        SH:  0    Dex: 18    Spells: 9/9 levels left

rFire   . . .      SeeInvis .    a - +0 shortbow
rCold   . . .      Faith    .    (shield currently unavailable)
rNeg    . . .      Spirit   .    c - +0 leather armour
rPois   .          Reflect  .    y - +0 helmet
rElec   .          Harm     .    d - +0 cloak
rCorr   .          Rampage  .    (no gloves)
Will    .....                    (no boots)
Stlth   ++........               (no amulet)
HPRegen 0.28/turn                j - ring of magical power
MPRegen 0.16/turn                (no ring)

@: brilliant
A: fangs 1, strong nose, distributed training
a: no special abilities


You were on level 5 of the Dungeon.
You visited 1 branch of the dungeon, and saw 5 of its levels.

You collected 272 gold pieces.

Inventory:

Hand Weapons
 a - a +0 shortbow (weapon)
Armour
 c - a +0 leather armour (worn)
 d - a +0 cloak (worn)
 y - a +0 helmet (worn)
Jewellery
 j - a ring of magical power (left hand)
 t - a ring of see invisible
Wands
 v - a wand of charming (3)
 w - a wand of flame (22)
Scrolls
 b - 3 scrolls of immolation
 e - a scroll of blinking
 f - 8 scrolls of identify {unknown}
 g - a scroll of fog {unknown}
 h - a scroll of noise {unknown}
 l - 2 scrolls of enchant armour {unknown}
 n - a scroll of fear {unknown}
 r - 2 scrolls of amnesia {unknown}
Potions
 i - a potion of brilliance
 k - a potion of heal wounds {unknown}
 m - 2 potions of might {unknown}
 o - a potion of curing {unknown}
 p - a potion of invisibility {unknown}
 q - 2 potions of lignification {unknown}
 s - a potion of flight {unknown}
 u - a potion of ambrosia {unknown}
 x - a potion of haste {unknown}


   Skills:
 + Level 5.1 Fighting
 + Level 2.2 Short Blades
 + Level 2.2 Long Blades
 + Level 2.2 Axes
 + Level 2.2 Maces & Flails
 + Level 2.2 Polearms
 + Level 2.2 Staves
 + Level 8.8 Ranged Weapons
 + Level 2.2 Throwing
 + Level 2.2 Armour
 + Level 5.1 Dodging
 + Level 3.2 Stealth
 + Level 2.2 Shields
 + Level 2.2 Unarmed Combat
 + Level 2.2 Spellcasting
 + Level 1.7 Conjurations
 + Level 1.7 Hexes
 + Level 1.7 Summonings
 + Level 1.7 Necromancy
 + Level 1.7 Translocations
 + Level 1.7 Transmutations
 + Level 1.7 Fire Magic
 + Level 1.7 Ice Magic
 + Level 1.7 Air Magic
 + Level 1.7 Earth Magic
 + Level 1.7 Poison Magic
 + Level 2.4 Invocations
 + Level 2.2 Evocations


You had 9 spell levels left.
You didn't know any spells.
Your spell library contained the following spells:

 Spells                   Type           Power      Damage    Failure   Level
 Portal Projectile        Hex/Tloc       10%        N/A       56%         3
 Tukima's Dance           Hex            5%         N/A       56%         3
 Blade Hands              Tmut           2%         N/A       99%         5


Dungeon Overview and Level Annotations

Branches:
Dungeon (5/15)
 Temple: D:4-7

Altars:
Yredelemnul

Annotations:
D:3 3 runed translucent doors, Bediveer's ghost, amateur MfTm; jlumianski's ghost, amateur DsFi; kd29's ghost, amateur DgTm


Innate Abilities, Weirdness & Mutations

You have very sharp teeth.
Your uncanny sense of smell can sniff out nearby items.
Your experience applies equally to all skills.


Message History

The hound barely misses you.
You shoot an arrow. The arrow closely misses the hound.
You hear a shout! x2
The hound barely misses you. x2
You shoot an arrow. The arrow hits the hound.
The hound is severely wounded.
The hound misses you. The hound barely misses you.
You shoot an arrow. The arrow hits the hound.
You kill the hound!
An orc priest comes into view. It is wielding a +0 short sword.
The orc warrior attacks as you move away!
The orc warrior hits you with a +0 halberd!
The orc warrior misses you.
An orc comes into view. It is wielding a +0 hand axe.
The orc priest calls down the wrath of Beogh upon you.
Beogh smites you!
The orc priest casts a cantrip, but nothing happens.
You see here a +0 mace.
You open the door. The orc warrior barely misses you.
There is an open door here.
You close the door.
Something unseen breaks down the door.
Blink to where?
Press: ? - help, Dir - move target
As you read the scroll labelled NOHEH PYTH, it crumbles to dust.
It was a scroll of blinking.
The orc priest invokes the aid of Beogh against you.
Beogh smites you!
* * * LOW HITPOINT WARNING * * *
The orc priest calls down the wrath of Beogh upon you.
Beogh smites you!
* * * LOW HITPOINT WARNING * * *
You open the door.
There is an open door here.
You close the door.
An orc priest opens the door.
It is wielding a +0 short sword.
It was a potion of brilliance.
You feel clever all of a sudden.
The orc priest mumbles some strange prayers to Beogh against you.
Beogh smites you!
You die...

#...†....'.......#
#>.......#.....).#
#).......#.......#
####....###....#########
##....####'#####......
#.....#..............#
#.....#..............#
#.....#..............#
#.....'.......@......#
#.....#(.............#
#.....#..............#
###...##+###.##.##..##
##...##..##'##### .#
#.........o.....# ..
#...............# .
#.....o.........# 8
#.o......##....##


You could see an orc priest.

Vanquished Creatures
  A black bear (D:5)
  A scorpion (D:3)
  2 hounds (D:5)
  A jelly (D:4)
  An iguana (D:4)
  4 gnolls (D:3)
  2 adders (D:2)
  An ufetubus (D:4)
  A worm (D:4)
  2 dart slugs
  3 orcs (D:4)
  6 bats
  3 endoplasms
  4 giant cockroaches
  7 goblins
  6 hobgoblins
  2 quokkas
  9 ball pythons
  A frilled lizard (D:2)
  5 kobolds
  6 rats
68 creatures vanquished.

Vanquished Creatures (others)
  A fungus (D:2)
1 creature vanquished.

Grand Total: 69 creatures vanquished

Notes
Turn   | Place    | Note
-------+----------+-------------------------------------------
     0 | D:1      | billz999 the Gnoll Hunter began the quest for the Orb.
     0 | D:1      | Reached XP level 1. HP: 20/20 MP: 1/1
   384 | D:1      | Reached XP level 2. HP: 26/26 MP: 2/2
   850 | D:2      | Found a faded altar of an unknown god.
   897 | D:2      | Reached XP level 3. HP: 31/31 MP: 3/3
  1031 | D:2      | Reached skill level 1 in Invocations
  1071 | D:2      | Found a basalt altar of Yredelemnul.
  1150 | D:2      | Reached skill level 1 in Short Blades
  1150 | D:2      | Reached skill level 1 in Long Blades
  1150 | D:2      | Reached skill level 1 in Axes
  1150 | D:2      | Reached skill level 1 in Maces & Flails
  1150 | D:2      | Reached skill level 1 in Polearms
  1150 | D:2      | Reached skill level 1 in Staves
  1150 | D:2      | Reached skill level 1 in Throwing
  1150 | D:2      | Reached skill level 1 in Armour
  1150 | D:2      | Reached skill level 1 in Shields
  1150 | D:2      | Reached skill level 1 in Unarmed Combat
  1150 | D:2      | Reached skill level 1 in Spellcasting
  1150 | D:2      | Reached skill level 1 in Evocations
  1412 | D:3      | Reached XP level 4. HP: 38/38 MP: 5/5
  1455 | D:3      | Found a runed translucent gate.
  1455 | D:3      | Found a runed translucent gate.
  1455 | D:3      | Found a runed translucent gate.
  1460 | D:3      | Noticed jlumianski's ghost (amateur DsFi)
  1460 | D:3      | Noticed Bediveer's ghost (amateur MfTm)
  1460 | D:3      | Noticed kd29's ghost (amateur DgTm)
  1567 | D:3      | Reached skill level 1 in Conjurations
  1567 | D:3      | Reached skill level 1 in Hexes
  1567 | D:3      | Reached skill level 1 in Summonings
  1567 | D:3      | Reached skill level 1 in Necromancy
  1567 | D:3      | Reached skill level 1 in Translocations
  1567 | D:3      | Reached skill level 1 in Transmutations
  1567 | D:3      | Reached skill level 1 in Fire Magic
  1567 | D:3      | Reached skill level 1 in Ice Magic
  1567 | D:3      | Reached skill level 1 in Air Magic
  1567 | D:3      | Reached skill level 1 in Earth Magic
  1567 | D:3      | Reached skill level 1 in Poison Magic
  1581 | D:3      | Noticed a scorpion
  1591 | D:3      | Killed a scorpion
  1592 | D:3      | Reached XP level 5. HP: 21/43 MP: 7/7
  2810 | D:4      | Reached XP level 6. HP: 31/50 MP: 8/8
  3141 | D:5      | Entered Level 5 of the Dungeon
  3160 | D:5      | Reached skill level 5 in Fighting
  3160 | D:5      | Reached skill level 5 in Dodging
  3188 | D:5      | Noticed a black bear
  3199 | D:5      | Killed a black bear
  3258 | D:5      | Noticed an orc warrior
  3294 | D:5      | Killed from afar by an orc priest

Illustrated notes

Levels and vault maps discovered:
D:1:      matt_arrival_spirals, layout_loops_cross
D:2:      layout_loops_ring, dreamdust_ecumenical_altar_hidden_monk_grotto,
          basic_altar, kennysheep_doodads, glass_columns_b, minmay_tromino_i4
D:3:      layout_rooms, gammafunk_ghost_cemetery, ebering_dispersal_statue_hall
D:4:      minmay_chambers_of_twos, layout_gridville, kennysheep_generic_room_10
D:5:      gammafunk_steamed_eel, layout_gridville, lemuel_temple_firewalk_b,
          minmay_manual_mares, uniq_blork_the_orc

Skill      XL: |  1  2  3  4  5  6 |
---------------+-------------------+-----
Invocations    | 1 2 |  2.4
Short Blades   | 1 2 |  2.2
Long Blades    | 1 2 |  2.2
Axes           | 1 2 |  2.2
Maces & Flails | 1 2 |  2.2
Polearms       | 1 2 |  2.2
Staves         | 1 2 |  2.2
Throwing       | 1 2 |  2.2
Armour         | 1 2 |  2.2
Shields        | 1 2 |  2.2
Unarmed Combat | 1 2 |  2.2
Spellcasting   | 1 2 |  2.2
Evocations     | 1 2 |  2.2
Conjurations   | 1 |  1.7
Hexes          | 1 |  1.7
Summonings     | 1 |  1.7
Necromancy     | 1 |  1.7
Translocations | 1 |  1.7
Transmutations | 1 |  1.7
Fire Magic     | 1 |  1.7
Ice Magic      | 1 |  1.7
Air Magic      | 1 |  1.7
Earth Magic    | 1 |  1.7
Poison Magic   | 1 |  1.7
Stealth        | 3 |  3.2
Fighting       | 5 |  5.1
Dodging        | 5 |  5.1
Ranged Weapons | |  8.8

Action                   |  1- 3 |  4- 6 || total
-------------------------+-------+-------++-------
 Fire: Shortbow          |    89 |   158 ||   247
  Use: Scroll            |       |     1 ||     1
       Potion            |       |     1 ||     1
Armor: Leather armour    |    17 |    27 ||    44
Dodge: Dodged            |    29 |    84 ||   113

Table legend: (Time is in decaauts)
 A = Elapsed time spent in this place.
 B = Non-inter-level travel time spent in this place.
 C = Inter-level travel time spent in this place.
 D = Time resting spent in this place.
 E = Time spent auto-exploring this place.
 F = Levels seen in this place.
 G = Mean time per level.
                   A        B        C        D        E       F      G
               +--------+--------+--------+--------+--------+-----+--------+
         Total |   3320 |   3208 |    112 |      6 |   2751 |   5 |  664.0 |
       Dungeon |   3320 |   3208 |    112 |      6 |   2751 |   5 |  664.0 |
               +--------+--------+--------+--------+--------+-----+--------+

Top non-repeatable levels by time:
     D:4: 1043 daAuts
     D:2: 765 daAuts
     D:3: 729 daAuts
     D:1: 626 daAuts
     D:5: 155 daAuts
